 Dungeon Crawl Stone Soup version 0.29.1-14-g9c671dbff4 (webtiles) character file.

Game seed: 14452307743373461509

30962 fleeber the Fencer (level 13, -12/111 HPs)
             Began as a Merfolk Gladiator on Feb 15, 2023.
             Was an Elder of Qazlal.
             Mangled by a death yak (14 damage)
             ... on level 2 of the Lair of Beasts on Feb 18, 2023.
             The game lasted 01:18:14 (16313 turns).

fleeber the Fencer (Merfolk Gladiator)             Turns: 16313, Time: 01:18:15

Health: -12/111    AC: 11    Str: 16    XL:     13   Next: 55%
Magic:  17/17      EV: 20    Int:  5    God:    Qazlal [****..]
Gold:   329        SH: 10    Dex: 26    Spells: 12/12 levels left

rFire   . . .      SeeInvis .   m - +2 great sword "Gamiascha" {venom, rN+ Str+2 Int-3}
rCold   . . .      Faith    .   (shield currently unavailable)
rNeg    + + +      Spirit   .   N - +1 leather armour of the Centipede {rN+ Regen+}
rPois   .          Reflect  +   c - +1 helmet
rElec   .          Harm     .   E - +0 cloak
rCorr   .          Rampage  .   o - +1 pair of gloves
Will    .....                   k - +1 pair of boots
Stlth   +.........              K - amulet of reflection
HPRegen 1.08/turn               l - ring of positive energy
MPRegen 0.15/turn               b - +6 ring of dexterity

@: about to teleport, repel missiles
A: (nimble swimmer 2), mertail
a: Renounce Religion, Upheaval, Elemental Force


You were on level 2 of the Lair of Beasts.
You worshipped Qazlal.
Qazlal was greatly pleased with you.
You visited 3 branches of the dungeon, and saw 16 of its levels.

You collected 707 gold pieces.
You spent 378 gold pieces at shops.

Inventory:

Hand Weapons
 m - the +2 great sword "Gamiascha" (weapon) {venom, rN+ Str+2 Int-3}
   (You bought it in a shop on level 1 of the Dungeon)

   It poisons the flesh of those it strikes.
   Str:       It affects your strength (+2).
   Int:       It affects your intelligence (-3).
   rN:        It protects you from negative energy.
Missiles
 d - 3 throwing nets
 e - a javelin
 g - 17 poisoned darts (quivered)
Armour
 c - a +1 helmet (worn)
 k - a +1 pair of boots (worn)
 o - a +1 pair of gloves (worn)
 E - a +0 cloak (worn)
 N - the +1 leather armour of the Centipede (worn) {rN+ Regen+}
   (You found it on level 1 of the Lair of Beasts)

   rN:        It protects you from negative energy.
   Regen:     It increases your rate of health regeneration.
Jewellery
 b - a +6 ring of dexterity (right hand)
 l - a ring of positive energy (left hand)
 I - a ring of see invisible
 K - an amulet of reflection (around neck)
Wands
 j - a wand of mindburst (4)
 n - a wand of charming (20)
 z - a wand of roots (6)
 D - a wand of polymorph (3)
 M - a wand of light (4)
Scrolls
 f - 2 scrolls of vulnerability
 q - 3 scrolls of poison
 s - 2 scrolls of amnesia
 v - 2 scrolls of enchant weapon {unknown}
 y - 5 scrolls of immolation {unknown}
 B - 4 scrolls of magic mapping
 C - 2 scrolls of fog {unknown}
 F - a scroll of torment {unknown}
 L - a scroll of noise {unknown}
Potions
 h - 2 potions of ambrosia
 p - 2 potions of mutation
 r - a potion of cancellation
 t - 2 potions of heal wounds {unknown}
 u - 4 potions of degeneration
 w - a potion of magic
 x - a potion of lignification {unknown}
 A - 3 potions of flight
 J - a potion of brilliance {unknown}
Miscellaneous
 O - a condenser vane


   Skills:
 - Level 13.2 Fighting
 + Level 18.8 Long Blades
 - Level 5.8 Throwing
 - Level 8.9 Dodging
 - Level 5.9 Invocations
 - Level 5.3 Evocations


You had 12 spell levels left.
You didn't know any spells.
Your spell library contained the following spells:

 Spells                   Type           Power      Damage    Failure   Level
 Apportation              Tloc           0%         N/A       54%         1
 Magic Dart               Conj           0%         1d3       54%         1
 Necrotise                Necr           0%         1d4       54%         1
 Sandblast                Erth           0%         2d4       54%         1
 Shock                    Conj/Air       0%         1d3       54%         1
 Slow                     Hex            0%         N/A       54%         1
 Summon Small Mammal      Summ           0%         N/A       54%         1
 Call Imp                 Summ           0%         N/A       69%         2
 Ensorcelled Hibernation  Hex/Ice        0%         N/A       69%         2
 Passwall                 Tmut/Erth      0%         N/A       69%         2
 Scorch                   Fire           0%         2d5       69%         2
 Call Canine Familiar     Summ           0%         N/A       89%         3
 Dazzling Flash           Conj/Hex       0%         N/A       89%         3
 Mephitic Cloud           Conj/Pois/Air  0%         N/A       89%         3
 Stone Arrow              Conj/Erth      0%         3d7       89%         3
 Summon Guardian Golem    Hex/Summ       0%         N/A       89%         3
 Swiftness                Air            0%         N/A       89%         3
 Vampiric Draining        Necr           0%         2d6       89%         3
 Airstrike                Air            0%         2d(0-16)  100%        4
 Dispel Undead            Necr           0%         3d6       100%        4
 Flame Wave               Conj/Fire      0%         2d4       100%        4
 Hailstorm                Conj/Ice       0%         3d3       100%        4
 Ice Form                 Ice/Tmut       0%         N/A       100%        4
 Agony                    Necr           0%         N/A       100%        5
 Simulacrum               Ice/Necr       0%         N/A       100%        6
 Summon Cactus Giant      Summ           0%         N/A       100%        6
 Enfeeble                 Hex            0%         N/A       100%        7
 Orb of Destruction       Conj           0%         9d5       100%        7
 Spellforged Servitor     Conj/Summ      0%         N/A       100%        7


Dungeon Overview and Level Annotations

Branches:
Dungeon (11/15)            Temple (1/1) D:5            Lair (4/5) D:9
 Shoals (0/4) Lair:3       Spider (0/4) Lair:3          Orc (0/2) D:11
  Slime: Lair:4-5

Altars:
Ashenzari
Cheibriados
Dithmenos
Elyvilon
Fedhas
Gozag
Hepliaklqana
Kikubaaqudgha
Makhleb
Nemelex Xobeh
Okawaru
Qazlal
Ru
Sif Muna
Trog
Vehumet
Wu Jian
Xom
Yredelemnul
Zin
The Shining One

Shops:
D:1 (   D:6 *

Annotations:
D:6 2 runed translucent doors, shadowmeld's ghost, novice DjTm
D:7 1 runed translucent door, Crazy Yiuf
D:8 1 runed translucent door, leafyfresh's ghost, novice GnDe
Temple 2 transporters
Lair:2 exclusions: downstairs and orange crystal statue


Innate Abilities, Weirdness & Mutations

((You are very nimble when in or above water. (Stealth+, EV+, Speed+++)))
Your lower body shifts to a powerful aquatic tail in water.


Message History

You hit the torpor snail.
The torpor snail is moderately wounded.
You block the cane toad's attack. The yak barely misses you.
The death yak gores you!! The torpor snail bites you!
Okay, then.
As you read the scroll of fear, it crumbles to dust.
You assume a fearsome visage.
The torpor snail resists with some effort.
The yak looks frightened!
The cane toad looks frightened!
The death yak easily resists.
The death yak gores you!!
* * * LOW HITPOINT WARNING * * *
You block the torpor snail's attack.
The torpor snail attacks as you move away!
The torpor snail misses you.
Cornered, the yak turns to fight!
The death yak misses you. You block the death yak's attack.
You see here a yak corpse.
The yak attacks as you move away! You block the yak's attack.
The yak is engulfed in freezing vapours.
The yak gores you!
* * * LOW HITPOINT WARNING * * *
The death yak is engulfed in blazing flames.
The yak misses you. The death yak misses you.
The torpor snail is engulfed in freezing vapours.
There is a stone staircase leading up, spattered with blood here.
The yak gores you.
* * * LOW HITPOINT WARNING * * *
The death yak barely misses you.
You climb upwards.
Level annotation: exclusions: downstairs and orange crystal statue You feel yourself speed up.
There is a stone staircase leading down, spattered with blood here.
You feel better. You block the death yak's attack. You block the yak's attack.
As you read the scroll of teleportation, it crumbles to dust.
You feel strangely unstable. You block the death yak's attack.
The yak barely misses you. The death yak attacks as you move away!
The death yak gores you!!
* * * LOW HITPOINT WARNING * * *
The yak barely misses you. The death yak attacks as you move away!
The death yak gores you!
You die...

..........#####...#
#...#...~≈≈≈
...........# #....#
##..##..~≈≈≈
..........#####..##
#...#.~~≈≈≈
.......[.........#
#....~~≈≈≈≈
.................#
#..P..~~≈≈≈
#.........P..##..#
##...#.~≈≈≈#
#..........####..##
#......~~≈≈#
#..........# #>Y.#
##......~≈##
##........## #Y@##
#..#P..~≈#
#........#####...#
##..##...≈##
#..............§##
##....####..#
#...............P#
#.#...# #...
##...............P#
###...# #.†#
##................#
#....## #..#
..................#
##...## #...
.................##
##..P####...
.................#
##...##.#..#


You could see a death yak and a yak.

Vanquished Creatures
  A boulder beetle (D:11)
  Fannar (Lair:1)
  2 hydras
  A catoblepas (Lair:2)
  8 death yaks
  Amaemon (Lair:3)
  A manticore (Lair:3)
  3 elephants (Lair:2)
  A torpor snail (Lair:1)
  4 black mambas
  Maurice (D:8)
  5 cane toads
  An orange demon (Lair:3)
  3 komodo dragons
  A kobold demonologist (D:11)
  2 trolls
  A polar bear (Lair:2)
  A wind drake (Lair:3)
  A hornet (D:8)
  5 dream sheep
  14 blink frogs
  A centaur simulacrum (D:10)
  2 shadows (D:11)
  33 yaks
  2 wraiths (D:11)
  9 wyverns
  A basilisk (D:9)
  4 vampire mosquitoes (D:11)
  11 water moccasins
  A black bear (D:5)
  2 ice beasts (D:6)
  2 orc warriors
  9 wolves (Lair:1)
  3 phantoms
  4 centaurs
  8 bullfrogs
  A gnoll sergeant (D:8)
  4 scorpions
  4 howler monkeys (D:9)
  2 electric eels (D:7)
  4 orc priests
  2 hounds
  A jelly (D:6)
  An iron imp (D:6)
  7 iguanas
  10 orc wizards
  7 gnolls
  3 adders
  A shadow imp (D:6)
  2 white imps (D:7)
  2 ufetubi
  An adder zombie (D:2)
  3 dart slugs
  22 orcs
  9 endoplasms
  3 giant cockroaches
  9 goblins
  7 hobgoblins
  6 jackals
  5 quokkas
  7 ball pythons
  6 bats
  2 frilled lizards
  13 kobolds
  A quokka zombie (D:2)
  4 rats
299 creatures vanquished.

Vanquished Creatures (others)
  9 fungi
  25 plants
  2 withered plants (D:2)
36 creatures vanquished.

Grand Total: 335 creatures vanquished

Notes
Turn   | Place    | Note
-------+----------+-------------------------------------------
     0 | D:1      | fleeber the Merfolk Gladiator began the quest for the Orb.
     0 | D:1      | Reached XP level 1. HP: 16/16 MP: 1/1
   481 | D:1      | Reached skill level 4 in Long Blades
   508 | D:1      | Reached XP level 2. HP: 22/23 MP: 2/2
   920 | D:1      | Found Entitzim's Antique Weapon Shop.
  1313 | D:1      | Reached XP level 3. HP: 18/28 MP: 3/3
  1830 | D:1      | Found a faded altar of an unknown god.
  2260 | D:2      | Reached skill level 5 in Long Blades
  2894 | D:3      | Reached XP level 4. HP: 35/35 MP: 4/4
  3681 | D:4      | Noticed a scorpion
  3723 | D:4      | Found a basalt altar of Yredelemnul.
  3904 | D:4      | Reached skill level 6 in Long Blades
  3904 | D:4      | Reached XP level 5. HP: 39/42 MP: 5/5
  4044 | D:4      | Noticed a phantom
  4088 | D:4      | Killed a phantom
  4089 | D:4      | Reached skill level 7 in Long Blades
  4089 | D:4      | Reached XP level 6. HP: 47/48 MP: 6/6
  4722 | D:5      | Entered Level 5 of the Dungeon
  4785 | D:5      | Noticed a black bear
  4895 | D:5      | Reached skill level 5 in Fighting
  4895 | D:5      | Reached skill level 8 in Long Blades
  4895 | D:5      | Reached XP level 7. HP: 47/56 MP: 7/7
  5216 | D:5      | Found a staircase to the Ecumenical Temple.
  5360 | Temple   | Entered the Ecumenical Temple
  5360 | Temple   | Found a transporter.
  5360 | Temple   | Found a transporter.
  5362 | Temple   | Found a transporter.
  5362 | Temple   | Found a transporter.
  5386 | Temple   | Became a worshipper of Qazlal Stormbringer
  5496 | D:6      | Found a runed translucent door.
  5497 | D:6      | Noticed shadowmeld's ghost (novice DjTm)
  5502 | D:6      | Found a snail-covered altar of Cheibriados.
  5524 | D:6      | Reached skill level 9 in Long Blades
  5567 | D:6      | Reached XP level 8. HP: 64/64 MP: 8/8
  5638 | D:6      | Found Izaal's CLEARANCE SALE!.
  5647 | D:6      | Bought a scroll of magic mapping for 22 gold pieces
  5745 | D:6      | Found a sacrificial altar of Ru.
  5929 | D:6      | Reached skill level 10 in Long Blades
  5942 | D:6      | Found a runed translucent door.
  6364 | D:7      | Reached * piety under Qazlal
  6610 | D:7      | Reached skill level 11 in Long Blades
  6733 | D:7      | Reached XP level 9. HP: 72/72 MP: 9/9
  6975 | D:7      | Got the Handbook of Cunning Wicked Deeds
  7095 | D:7      | Found a runed translucent door.
  7096 | D:7      | Noticed Crazy Yiuf
  7337 | D:8      | Found a runed translucent door.
  7348 | D:8      | Reached skill level 12 in Long Blades
  7524 | D:8      | Noticed Maurice
  7619 | D:8      | Killed Maurice
  7833 | D:8      | Noticed a hornet
  7856 | D:8      | Reached ** piety under Qazlal
  7857 | D:8      | Reached skill level 13 in Long Blades
  8009 | D:8      | Paralysed by a hornet for 3 turns
  8013 | D:8      | Killed a hornet
  8135 | D:8      | Noticed leafyfresh's ghost (novice GnDe)
  8931 | D:8      | Reached XP level 10. HP: 27/83 MP: 10/10
  9277 | D:9      | Reached skill level 14 in Long Blades
  9402 | D:9      | Reached skill level 10 in Fighting
  9777 | D:9      | Found a staircase to the Lair.
 10380 | D:10     | Entered Level 10 of the Dungeon
 10601 | D:10     | Reached skill level 1 in Invocations
 10601 | D:10     | Reached skill level 1 in Evocations
 10876 | D:10     | Noticed an ogre mage
 10878 | D:10     | Noticed a skeletal warrior
 10878 | D:10     | Noticed a skeletal warrior
 10891 | D:10     | Noticed a skeletal warrior
 10891 | D:10     | Noticed a skeletal warrior
 10926 | D:10     | Noticed an orc knight
 10928 | D:10     | Noticed a brown ugly thing
 11108 | D:10     | Reached skill level 5 in Dodging
 11108 | D:10     | Reached XP level 11. HP: 84/95 MP: 12/12
 11593 | D:10     | Paralysed by an ogre mage for 3 turns
 11603 | D:10     | Paralysed by something for 5 turns
 11707 | D:11     | Found a staircase to the Orcish Mines.
 11978 | D:11     | Identified the +1 leather armour of the Stag {Str+3}
 11978 | D:11     | Noticed a boulder beetle
 12028 | D:11     | Killed a boulder beetle
 12432 | Lair:1   | Entered Level 1 of the Lair of Beasts
 12904 | Lair:1   | Reached skill level 5 in Throwing
 12961 | Lair:1   | Reached skill level 5 in Invocations
 12980 | Lair:1   | Reached *** piety under Qazlal
 13033 | Lair:1   | Reached XP level 12. HP: 103/103 MP: 15/15
 13085 | Lair:1   | Noticed a five-headed hydra
 13099 | Lair:1   | Killed a ten-headed hydra
 13221 | Lair:1   | Reached skill level 5 in Evocations
 13247 | Lair:1   | Identified the +1 leather armour of the Centipede {rN+
                  | Regen+}
 13342 | Lair:1   | Noticed Fannar
 13447 | Lair:1   | Killed Fannar
 13853 | D:1      | Bought a polished great sword for 195 gold pieces
 13853 | D:1      | Identified the +2 great sword "Gamiascha" {venom, rN+ Str+2
                  | Int-3} (You bought it in a shop on level 1 of the Dungeon)
 13853 | D:1      | Bought a runed great sword for 161 gold pieces
 14420 | Lair:2   | Noticed a catoblepas
 14429 | Lair:2   | Killed a catoblepas
 14980 | Lair:3   | Noticed an eight-headed hydra
 15060 | Lair:3   | Found a staircase to the Shoals.
 15068 | Lair:3   | Reached skill level 15 in Long Blades
 15075 | Lair:3   | Noticed a death yak
 15075 | Lair:3   | Noticed a death yak
 15084 | Lair:3   | Noticed a death yak
 15094 | Lair:2   | Killed a death yak
 15112 | Lair:3   | Noticed a death yak
 15112 | Lair:3   | Noticed a death yak
 15112 | Lair:3   | Noticed a death yak
 15119 | Lair:2   | Killed a death yak
 15124 | Lair:2   | Killed a death yak
 15216 | Lair:2   | Killed a death yak
 15217 | Lair:2   | Reached skill level 16 in Long Blades
 15225 | Lair:2   | Killed a death yak
 15258 | Lair:3   | Killed a death yak
 15262 | Lair:3   | Reached XP level 13. HP: 62/111 MP: 17/17
 15369 | Lair:2   | Reached skill level 17 in Long Blades
 15666 | Lair:3   | Noticed Amaemon
 15674 | Lair:3   | Killed Amaemon
 15674 | Lair:3   | Reached **** piety under Qazlal
 15797 | Lair:3   | Reached skill level 18 in Long Blades
 15864 | Lair:3   | Found a hole to the Spider Nest.
 16312 | Lair:2   | HP: 1/111 [death yak (22)]
 16313 | Lair:2   | Mangled by a death yak

Illustrated notes

Levels and vault maps discovered:
D:1:      saegor_arrival_under_anarchy, layout_basic, serial_curves,
          eino_curves_04, eino_curves_04, hellmonk_ecumenical_altar_arch_garden,
          serial_shops, nicolae_shop_window_shopping, grunt_decor_one_mirror
D:2:      layout_loops_corners, serial_undead, serial_undead_f, serial_undead_d,
          serial_undead_b, serial_undead_b, serial_bayou_pond_c
D:3:      layout_rooms, chequers_garden, minivault_19
D:4:      minmay_chambers_of_twos, layout_cave_pools, yredelemnul_altar_generic
D:5:      layout_cave_pools, temple_green
D:6:      layout_loops_ring, slow_altar_1, nicolae_ru_great_annihilating_truth,
          ebering_ghost_sewer_f, nicolae_shop_clearance
D:7:      layout_rooms, minivault_14, corexii_hall_statues_s,
          minmay_a_box_with_orc_wizards_in_it, uniq_crazy_yiuf_cottage
D:8:      layout_basic, ebering_ghost_reflecting_pool, uniq_maurice
D:9:      layout_irregular_city, minmay_lair_entry_grove, st_stairs_6,
          kennysheep_generic_room_9
D:10:     layout_stronghold, minmay_diamond_spiral
D:11:     layout_cave_pools, orc_0_dummy
Temple:   hellmonk_temple_divided_pantheon
Lair:1:   layout_cave_shapes, lemuel_fruit_fields, infiniplex_staircase_pool_2,
          lemuel_fruit_tree, uniq_fannar
Lair:2:   statuecave_lemuel, layout_small_grid
Lair:3:   layout_misc_corridors, minmay_shoals_entry_beasts,
          spider_nest_entry_web_field, uniq_amaemon
Lair:4:   layout_hall_layers, slime_entry_1, st_stairs_5, nzn_random_ring,
          grunt_megastairs_4, lemuel_fruit_fields, uniq_josephine

Skill      XL: |  1  2  3  4  5  6  7  8  9 10 11 12 13 |
---------------+----------------------------------------+-----
Long Blades    | 4 5 6 7 8 9 11 13 14 16 18 | 18.8
Fighting       | 3 4 5 7 9 11 12 13 | 13.2
Invocations    | 2 5 |  5.9
Evocations     | 2 4 5 |  5.3
Throwing       | 3 5 |  5.8
Dodging        | 5 7 8 |  8.9

Action                   |  1- 3 |  4- 6 |  7- 9 | 10-12 | 13-15 || total
-------------------------+-------+-------+-------+-------+-------++-------
Melee: Long sword        |   139 |   201 |   315 |   485 |       ||  1140
       Punch             |     1 |     2 |     7 |     6 |       ||    16
       Tailslap          |       |       |       |    16 |       ||    16
       Great sword       |       |       |       |    96 |   117 ||   213
Throw: Dart              |       |       |    14 |       |       ||    14
       Javelin           |       |       |     1 |       |       ||     1
Invok: Upheaval          |       |       |       |     2 |     2 ||     4
Evoke: Wand              |       |       |    11 |     8 |     1 ||    20
  Use: Potion            |     1 |       |     3 |     4 |     1 ||     9
       Scroll            |       |     8 |     3 |     9 |     2 ||    22
 Stab: Sleeping          |       |     1 |     1 |       |       ||     2
Armor: Leather armour    |    39 |    26 |       |    26 |    27 ||   118
       Ring mail         |       |    41 |   126 |    50 |       ||   217
       Troll leather arm |       |       |       |    21 |       ||    21
Dodge: Dodged            |   101 |   157 |   153 |   359 |   144 ||   914
Block: Other             |       |       |     8 |   172 |    87 ||   267
